 Dungeon Crawl Stone Soup version 0.26.1-11-gd32895ea62 (webtiles) character file.

Game seed: 3324806550234179379

37 vvl the Insei (level 3, -1/23 HPs)
             Began as an Octopode Transmuter on July 15, 2021.
             Slain by a bullfrog skeleton (6 damage)
             ... on level 2 of the Dungeon.
             The game lasted 00:02:28 (1792 turns).

vvl the Insei (Octopode Transmuter)                 Turns: 1792, Time: 00:02:29

Health: -1/23      AC:  1    Str: 10    XL:     3   Next: 39%
Magic:  6/6        EV: 13    Int: 15    God:
Gold:   37         SH:  0    Dex: 12    Spells: 5/6 levels left

rFire    . . .     SeeInvis .   b - +0 short sword
rCold    . . .     Faith    .   (no shield)
rNeg     . . .     Spirit   .   (helmet currently unavailable)
rPois    .         Reflect  .   (no amulet)
rElec    .         Harm     .   (no ring)
rCorr    .         Rampage  .   (no ring)
Will     .....                  (no ring)
Stlth    ++........             (no ring)
HPRegen  0.07/turn              (no ring)
MPRegen  0.10/turn              (no ring)
                                (no ring)
                                (no ring)

@: appendages (expiring)
A: almost no armour, stealthy swim, amphibious, 8 rings, constrict 8, tentacle
spike 3, camouflage 1, gelatinous body 1
a: End Transformation


You were on level 2 of the Dungeon.
One of your tentacles had a temporary spike.
You visited 1 branch of the dungeon, and saw 2 of its levels.

You collected 37 gold pieces.

Inventory:

Hand Weapons
 b - a +0 short sword (weapon)
Jewellery
 g - an uncursed amulet of the acrobat {unknown}
Scrolls
 c - a scroll of identify {unknown}
 e - a scroll of remove curse {unknown}
 h - a scroll of noise {unknown}
 i - a scroll of random uselessness {unknown}
Potions
 a - 2 potions of curing {unknown}
 d - 2 potions of might {unknown}
 f - a potion of mutation {unknown}
 j - a potion of lignification {unknown}


   Skills:
 + Level 1.4 Fighting
 + Level 2.2 Dodging
 + Level 3.1 Unarmed Combat
 + Level 2.2 Spellcasting
 * Level 2.4 Transmutations
 * Level 1.7 Poison Magic


You had 5 spell levels left.
You knew the following spells:

 Your Spells              Type           Power        Failure   Level
a - Beastly Appendage     Tmut           18%          8%          1

Your spell library contained the following spells:

 Spells                   Type           Power        Failure   Level
 Wereblood                Tmut           9%           12%         2
 Spider Form              Tmut/Pois      3%           28%         3
 Ice Form                 Ice/Tmut       5%           78%         4
 Blade Hands              Tmut           4%           91%         5


Dungeon Overview and Level Annotations

Branches:
Dungeon (2/15)

Altars:


Innate Abilities, Weirdness & Mutations

You cannot wear most types of armour.
You are very stealthy in the water. (Stealth+)
You are amphibious.
You can wear up to eight rings at the same time.
You can use your tentacles to constrict eight enemies at once.
Your skin changes colour to match your surroundings (Stealth+).
Your rubbery body absorbs attacks. (AC +1, EV +1)
One of your tentacles bears a large vicious spike.


Message History

Your transformation is almost over.
You constrict the kobold, but do no damage.
The kobold barely misses you. The bullfrog skeleton hits you.
You hit the kobold.
You kill the kobold!
The bullfrog skeleton closely misses you.
You hit the bullfrog skeleton. You grab the bullfrog skeleton.
You pierce the bullfrog skeleton.
The bullfrog skeleton is moderately damaged.
You constrict the bullfrog skeleton. The bullfrog skeleton hits you!
* * * LOW HITPOINT WARNING * * *
The bullfrog skeleton hits you.
* * * LOW HITPOINT WARNING * * *
You hit the bullfrog skeleton. You squeeze the bullfrog skeleton.
The bullfrog skeleton is severely damaged.
You constrict the bullfrog skeleton. The bullfrog skeleton misses you.
You hit the bullfrog skeleton.
The bullfrog skeleton is almost destroyed.
You constrict the bullfrog skeleton. The bullfrog skeleton hits you.
You die...

#.# #.# #.#
#.# # #.#.##
#.####.#..###
#....Z.†.(..#
#@##.#.#
#.##.#.#
#.##.#.## #
###(##....####
##
#.......#....#
##.
#.#####...##.#
###.# #.
#.####.# #...#
. #..# #.#
#.#.# ##
#####..# #.#
#.##.


You could see a bullfrog skeleton.

Vanquished Creatures
  An adder (D:2)
  A worm (D:2)
  3 goblins (D:2)
  A hobgoblin (D:2)
  4 jackals (D:2)
  A quokka (D:2)
  4 bats
  A frilled lizard (D:2)
  5 kobolds
  4 rats
25 creatures vanquished.

Notes
Turn   | Place    | Note
-------+----------+-------------------------------------------
     0 | D:1      | vvl the Octopode Transmuter began the quest for the Orb.
     0 | D:1      | Reached XP level 1. HP: 13/13 MP: 3/3
   866 | D:2      | Reached XP level 2. HP: 16/18 MP: 3/5
   873 | D:2      | Reached skill level 1 in Poison Magic
  1260 | D:2      | Reached XP level 3. HP: 19/23 MP: 4/6
  1792 | D:2      | Slain by a bullfrog skeleton

Illustrated notes

Levels and vault maps discovered:
D:1:      evilmike_arrival_rings, layout_basic
D:2:      layout_loops_ring, amcnicky_mini_rare_corridor_liquid

Skill      XL: |  1  2 |
---------------+-------+-----
Poison Magic   | 1 |  1.7
Fighting       | |  1.4
Dodging        | |  2.2
Unarmed Combat | |  3.1
Spellcasting   | |  2.2
Transmutations | |  2.4

Action                   || total
-------------------------++-------
Melee: Short sword       ||    67
       Constrict         ||    20
       Tentacles         ||    12
       Kick              ||     8
 Cast: Beastly Appendage ||    14
 Stab: Sleeping          ||     3
Armor: Skin              ||     8
Dodge: Dodged            ||    48
